General information
- name: BNet
- type: Ladder team game (AT/RT)
- host: Battle.net
- saver: Ze.Rath3isaFaig
map: FullScaleAssault
- players: 8
- length: 27:25
- speed: Fast
- version: 1.24 W3XP
- replay type: Public
» download(216 KB)
Players
team 1 (loser)
ThrallTheLegend (
green | 52 APM | 1424 actions | 27:18)
6 Priestess of the Moon
3 Trueshot Aura
2 Scout
1 Starfall
5 Keeper of the Grove
3 Entangling Roots
2 Thorns Aura
» actions
| Assign group hotkey | 29 | |
| Basic commands | 34 | |
| Build / train | 88 | |
| ESC pressed | 1 | |
| Enter build submenu | 22 | |
| Enter hero's abilities submenu | 11 | |
| Remove unit from queue | 2 | |
| Right click | 575 | |
| Select / deselect | 533 | |
| Select group hotkey | 46 | |
| Use ability | 83 | |
1424 total
» units
| Wisp | 31 | |
| Archer | 4 | |
| Druid of the Talon | 4 | |
| Chimaera | 13 | |
| Hippogryph | 2 | |
| Faerie Dragon | 1 | |
| Mountain Giant | 3 | |
58 total
» upgrades
| Druid of the Talon Training | 2 | |
| Strength of the Wild | 1 | |
| Mark of the Talon | 1 | |
| Nature's Blessing | 1 | |
| Hardened Skin | 1 | |
6 total
» buildings
| Moon Well | 7 | |
| Altar of Elders | 1 | |
| Tree of Ages | 1 | |
| Ancient of War | 1 | |
| Hunter's Hall | 1 | |
| Ancient of Wind | 1 | |
| Tree of Eternity | 1 | |
| Tree of Life | 3 | |
| Chimaera Roost | 2 | |
| Ancient of Wonders | 1 | |
| Ancient of Lore | 1 | |
| Ancient Protector | 2 | |
22 total
» build order
00:08 Moon Well
00:09 Altar of Elders
00:53 Moon Well
02:04 Tree of Ages
02:19 Ancient of War
03:30 Moon Well
04:07 Hunter's Hall
04:44 Moon Well
04:51 Ancient of Wind
04:54 Tree of Eternity
07:01 Tree of Life
07:20 Chimaera Roost
08:07 Chimaera Roost
08:38 Moon Well
08:51 Tree of Life
10:06 Moon Well
10:09 Moon Well
11:03 Ancient of Wonders
13:44 Tree of Life
16:46 Ancient of Lore
17:30 Ancient Protector
17:34 Ancient Protector
» items
| Scroll of Town Portal | 3 | |
| Healing Salve | 1 | |
| Potion of Healing | 2 | |
| Scroll of Healing | 1 | |
7 total
Bigyellowtwinki (
red | 70 APM | 1927 actions | 27:24)
4 Death Knight
2 Death Coil
1 Unholy Aura
1 Death Pact
4 Lich
2 Frost Nova
2 Frost Armor
» actions
| Assign group hotkey | 45 | |
| Basic commands | 31 | |
| Build / train | 98 | |
| ESC pressed | 1 | |
| Enter build submenu | 16 | |
| Enter hero's abilities submenu | 8 | |
| Give item / drop item | 6 | |
| Remove unit from queue | 2 | |
| Right click | 820 | |
| Select / deselect | 419 | |
| Select group hotkey | 371 | |
| Use ability | 110 | |
1927 total
» units
| Acolyte | 19 | |
| Ghoul | 3 | |
| Crypt Fiend | 33 | |
| Obsidian Statue | 6 | |
61 total
» upgrades
| Creature Attack | 2 | |
| Web | 1 | |
| Burrow | 1 | |
| Creature Carapace | 2 | |
| Destroyer Form | 1 | |
7 total
» buildings
| Graveyard | 1 | |
| Crypt | 1 | |
| Altar of Darkness | 1 | |
| Ziggurat | 7 | |
| Tomb of Relics | 1 | |
| Nerubian Tower | 1 | |
| Necropolis | 2 | |
| Halls of the Dead | 1 | |
| Spirit Tower | 3 | |
| Slaughterhouse | 1 | |
| Black Citadel | 1 | |
20 total
» build order
00:07 Graveyard
00:09 Crypt
00:42 Altar of Darkness
00:57 Ziggurat
01:22 Tomb of Relics
01:39 Ziggurat
02:17 Nerubian Tower
04:25 Necropolis
06:09 Halls of the Dead
06:37 Ziggurat
07:27 Spirit Tower
09:27 Slaughterhouse
09:39 Ziggurat
10:32 Spirit Tower
12:49 Necropolis
14:03 Black Citadel
21:45 Spirit Tower
22:58 Ziggurat
22:59 Ziggurat
23:02 Ziggurat
» items
| Rod of Necromancy | 2 | |
| Sacrificial Skull | 1 | |
| Scroll of Town Portal | 3 | |
| Healing Salve | 1 | |
| Potion of Lesser Invulnerability | 1 | |
| Orb of Corruption | 1 | |
| Scroll of Healing | 2 | |
11 total
Neverwork (
teal | 48 APM | 1287 actions | 26:56)
5 Blademaster
3 Wind Walk
2 Critical Strike
3 Far Seer
2 Feral Spirit
1 Chain Lighting
» actions
| Assign group hotkey | 49 | |
| Build / train | 69 | |
| Enter build submenu | 19 | |
| Enter hero's abilities submenu | 8 | |
| Give item / drop item | 1 | |
| Right click | 459 | |
| Select / deselect | 252 | |
| Select group hotkey | 354 | |
| Use ability | 76 | |
1287 total
» units
| Peon | 11 | |
| Grunt | 7 | |
| Troll Headhunter/Berserker | 3 | |
| Tauren | 14 | |
| Spirit Walker | 4 | |
| Shaman | 4 | |
43 total
» upgrades
| Melee Weapons | 2 | |
| Armor | 1 | |
| Shaman Training | 2 | |
| Spirit Walker Training | 2 | |
| Pulverize | 1 | |
8 total
» buildings
| Barracks | 1 | |
| Altar of Storms | 2 | |
| Orc Burrow | 8 | |
| Voodoo Lounge | 2 | |
| War Mill | 1 | |
| Stronghold | 1 | |
| Fortress | 1 | |
| Spirit Lodge | 2 | |
| Tauren Totem | 2 | |
20 total
» build order
00:09 Barracks
00:14 Altar of Storms
00:22 Orc Burrow
01:29 Orc Burrow
02:14 Voodoo Lounge
02:22 Voodoo Lounge
03:26 War Mill
03:42 Orc Burrow
05:25 Stronghold
05:54 Orc Burrow
08:12 Fortress
08:18 Spirit Lodge
08:28 Spirit Lodge
10:59 Tauren Totem
12:40 Orc Burrow
12:43 Orc Burrow
13:06 Tauren Totem
13:23 Orc Burrow
24:30 Altar of Storms
25:01 Orc Burrow
» items
| Healing Salve | 3 | |
| Orb of Lightning | 1 | |
| Potion of Healing | 2 | |
6 total
Sleeping_Lion (
yellow | 36 APM | 983 actions | 27:19)
5 Blademaster
3 Wind Walk
2 Critical Strike
» actions
| Assign group hotkey | 22 | |
| Build / train | 52 | |
| Enter build submenu | 23 | |
| Enter hero's abilities submenu | 5 | |
| Give item / drop item | 1 | |
| Right click | 422 | |
| Select / deselect | 202 | |
| Select group hotkey | 200 | |
| Use ability | 56 | |
983 total
» units
| Peon | 10 | |
| Wind Rider | 11 | |
| Tauren | 5 | |
26 total
» upgrades
| Armor | 2 | |
| Ranged Weapons | 2 | |
| Envenomed Spears | 1 | |
| Melee Weapons | 1 | |
| Pulverize | 1 | |
7 total
» buildings
| Altar of Storms | 1 | |
| Orc Burrow | 7 | |
| Voodoo Lounge | 1 | |
| War Mill | 1 | |
| Stronghold | 1 | |
| Watch Tower | 5 | |
| Beastiary | 2 | |
| Fortress | 1 | |
| Tauren Totem | 2 | |
21 total
» build order
00:06 Altar of Storms
00:09 Orc Burrow
00:50 Voodoo Lounge
01:29 War Mill
02:03 Orc Burrow
02:52 Stronghold
02:58 Orc Burrow
03:28 Orc Burrow
04:05 Watch Tower
04:25 Orc Burrow
05:17 Beastiary
05:20 Beastiary
06:43 Fortress
07:18 Watch Tower
08:34 Watch Tower
11:08 Watch Tower
12:55 Orc Burrow
14:02 Orc Burrow
16:20 Watch Tower
21:15 Tauren Totem
21:25 Tauren Totem
» items
| Healing Salve | 1 | |
| Lesser Clarity Potion | 2 | |
| Scroll of Speed | 1 | |
| Scroll of Healing | 1 | |
| Scroll of Protection | 1 | |
| Orb of Lightning | 1 | |
| Potion of Healing | 3 | |
| Potion of Mana | 1 | |
11 total
team 2 (winner)
VIRUS-Z (
pink | 68 APM | 1862 actions | 27:24)
7 Goblin Alchemist
3 Chemical Rage
3 Acid Bomb
1 Transmute
» actions
| Assign group hotkey | 9 | |
| Basic commands | 7 | |
| Build / train | 78 | |
| Enter build submenu | 17 | |
| Enter hero's abilities submenu | 8 | |
| Give item / drop item | 2 | |
| Remove unit from queue | 3 | |
| Right click | 1324 | |
| Select / deselect | 262 | |
| Select group hotkey | 52 | |
| Use ability | 99 | |
1862 total
» units
| Wisp | 21 | |
| Druid of the Talon | 23 | |
44 total
» upgrades
| Druid of the Talon Training | 2 | |
| Strength of the Wild | 3 | |
| Reinforced Hides | 3 | |
| Ultravision | 1 | |
| Well Spring | 1 | |
10 total
» buildings
| Moon Well | 5 | |
| Altar of Elders | 1 | |
| Tree of Ages | 2 | |
| Ancient of War | 1 | |
| Hunter's Hall | 1 | |
| Ancient of Wind | 3 | |
| Tree of Eternity | 1 | |
| Tree of Life | 3 | |
17 total
» build order
00:07 Moon Well
00:17 Altar of Elders
02:16 Tree of Ages
02:26 Ancient of War
03:40 Moon Well
03:49 Hunter's Hall
04:46 Ancient of Wind
05:20 Ancient of Wind
07:00 Moon Well
07:05 Moon Well
07:08 Moon Well
10:14 Tree of Eternity
10:49 Tree of Life
11:45 Tree of Life
17:07 Tree of Life
17:25 Ancient of Wind
» items
| Boots of Speed | 1 | |
| Staff of Teleportation | 2 | |
| Periapt of Vitality | 2 | |
| Potion of Lesser Invulnerability | 1 | |
| Scroll of Town Portal | 2 | |
| Scroll of Healing | 1 | |
| Potion of Invisibility | 1 | |
10 total
Ze.Rath3isaFaig (
orange | 94 APM | 2573 actions | 27:25)
8 Priestess of the Moon
3 Trueshot Aura
3 Searing Arrows
1 Starfall
1 Scout
7 Dark Ranger
3 Black Arrow
3 Silence
1 Charm
» actions
| Assign group hotkey | 32 | |
| Basic commands | 799 | |
| Build / train | 100 | |
| Enter build submenu | 16 | |
| Enter hero's abilities submenu | 16 | |
| Give item / drop item | 2 | |
| Right click | 629 | |
| Select / deselect | 589 | |
| Select group hotkey | 338 | |
| Use ability | 52 | |
2573 total
» units
| Wisp | 17 | |
| Archer | 24 | |
| Dryad | 13 | |
| Goblin Shredder | 1 | |
55 total
» upgrades
| Improved Bows | 1 | |
| Strength of the Moon | 3 | |
| Moon Armor | 1 | |
| Strength of the Wild | 3 | |
| Marksmanship | 1 | |
| Abolish Magic | 1 | |
| Reinforced Hides | 1 | |
11 total
» buildings
| Altar of Elders | 1 | |
| Moon Well | 6 | |
| Ancient of War | 2 | |
| Tree of Ages | 2 | |
| Hunter's Hall | 1 | |
| Ancient of Lore | 2 | |
| Tree of Life | 1 | |
| Tree of Eternity | 1 | |
| Ancient of Wonders | 1 | |
17 total
» build order
00:16 Altar of Elders
00:29 Moon Well
01:16 Ancient of War
01:34 Ancient of War
02:11 Moon Well
03:03 Moon Well
04:20 Moon Well
05:11 Tree of Ages
05:11 Tree of Ages
06:10 Hunter's Hall
07:19 Moon Well
07:58 Ancient of Lore
08:03 Ancient of Lore
08:09 Moon Well
09:11 Tree of Life
10:30 Tree of Eternity
13:38 Ancient of Wonders
» items
| Scroll of Healing | 1 | |
| Scroll of Protection | 1 | |
| Scroll of Town Portal | 1 | |
| Potion of Lesser Invulnerability | 1 | |
4 total

»
Rebuddle.Champ (
blue | 54 APM | 1473 actions | 27:24)
5 Keeper of the Grove
3 Entangling Roots
2 Thorns Aura
3 Priestess of the Moon
2 Trueshot Aura
1 Searing Arrows
» actions
| Assign group hotkey | 75 | |
| Basic commands | 8 | |
| Build / train | 83 | |
| Enter build submenu | 15 | |
| Enter hero's abilities submenu | 8 | |
| Give item / drop item | 3 | |
| Right click | 677 | |
| Select / deselect | 453 | |
| Select group hotkey | 86 | |
| Use ability | 65 | |
1473 total
» units
| Wisp | 23 | |
| Huntress | 7 | |
| Dryad | 13 | |
| Mountain Giant | 2 | |
45 total
» upgrades
| Abolish Magic | 1 | |
| Upgrade Moon Glaive | 1 | |
| Strength of the Wild | 3 | |
| Reinforced Hides | 3 | |
| Resistant Skin | 1 | |
| Hardened Skin | 1 | |
| Well Spring | 1 | |
11 total
» buildings
| Altar of Elders | 1 | |
| Moon Well | 6 | |
| Ancient of War | 2 | |
| Hunter's Hall | 1 | |
| Tree of Ages | 1 | |
| Ancient of Lore | 2 | |
| Tree of Eternity | 1 | |
| Ancient of Wonders | 1 | |
| Tree of Life | 1 | |
16 total
» build order
00:44 Altar of Elders
00:47 Moon Well
02:06 Ancient of War
02:07 Ancient of War
02:14 Hunter's Hall
02:45 Moon Well
03:47 Moon Well
04:20 Tree of Ages
06:46 Ancient of Lore
06:48 Ancient of Lore
07:09 Moon Well
08:08 Tree of Eternity
08:13 Ancient of Wonders
13:38 Tree of Life
18:11 Moon Well
24:07 Moon Well
» items
| Scroll of Town Portal | 4 | |
| Moonstone | 1 | |
| Staff of Preservation | 2 | |
| Orb of Venom | 1 | |
| Potion of Healing | 2 | |
| Anti-magic Potion | 2 | |
| Staff of Sanctuary | 1 | |
| Scroll of Regeneration | 1 | |
14 total

»
tree (
purple | 48 APM | 1310 actions | 27:24)
6 Paladin
3 Holy Light
2 Devotion Aura
1 Resurrection
4 Beastmaster
2 Summon Bear
2 Summon Quilbeast
5 Mountain King
3 Storm Bolt
2 Bash
» actions
| Assign group hotkey | 48 | |
| Basic commands | 54 | |
| Build / train | 102 | |
| ESC pressed | 1 | |
| Enter build submenu | 21 | |
| Enter hero's abilities submenu | 14 | |
| Give item / drop item | 4 | |
| Right click | 517 | |
| Select / deselect | 236 | |
| Select group hotkey | 216 | |
| Use ability | 97 | |
1310 total
» units
| Peasant | 13 | |
| Footman | 7 | |
| Knight | 14 | |
| Priest | 10 | |
| Sorceress | 7 | |
51 total
» upgrades
| Defend | 1 | |
| Plating | 3 | |
| Swords | 4 | |
| Animal War Training | 1 | |
| Priest Training | 2 | |
| Sorceress Training | 3 | |
14 total
» buildings
| Farm | 12 | |
| Altar of Kings | 1 | |
| Barracks | 2 | |
| Lumber Mill | 1 | |
| Arcane Vault | 2 | |
| Blacksmith | 1 | |
| Keep | 1 | |
| Town Hall | 1 | |
| Castle | 2 | |
| Arcane Sanctum | 2 | |
25 total
» build order
00:21 Farm
00:39 Altar of Kings
01:01 Barracks
01:05 Farm
01:20 Lumber Mill
02:06 Farm
02:46 Barracks
02:57 Arcane Vault
03:12 Farm
03:56 Blacksmith
04:07 Keep
04:38 Arcane Vault
04:45 Farm
06:16 Town Hall
07:22 Castle
07:22 Castle
09:20 Arcane Sanctum
09:22 Arcane Sanctum
09:26 Farm
09:27 Farm
09:29 Farm
10:53 Farm
10:54 Farm
19:16 Farm
19:19 Farm
» items
| Scroll of Regeneration | 1 | |
| Lesser Clarity Potion | 4 | |
| Potion of Healing | 1 | |
| Potion of Mana | 1 | |
| Orb of Fire | 3 | |
| Scroll of Town Portal | 3 | |
13 total
Chat log
(00:09 / Allies) Rebuddle.Champ: god elf on this map
(00:12 / Allies) Rebuddle.Champ: teching chimz
(00:20 / Allies) Ze.Rath3isaFaig: yeah we got 3 elfs buddy
(00:25 / Allies) tree: ill meat
(00:27 / Allies) tree: caster
(00:28 / Allies) Rebuddle.Champ: rush em?
(00:32 / Allies) Ze.Rath3isaFaig: i say rush
(00:34 / Allies) tree: suyre
(00:36 / Allies) Rebuddle.Champ: wana rush?
(00:37 / Allies) Ze.Rath3isaFaig: end it, this map is beyond gay
(00:44 / Allies) tree: kk
(00:45 / Allies) Ze.Rath3isaFaig: i might go firelord
(00:51 / Allies) Rebuddle.Champ: hunt massing
(00:53 / Allies) tree: potm mass hunts an arch
(00:58 / Allies) Rebuddle.Champ: k ill kotg
(01:40 / Allies) Ze.Rath3isaFaig: anyone listen to Lee Jung Hyun?
(01:52 / Allies) Rebuddle.Champ: no?
(02:32 / Allies) Rebuddle.Champ: pink plz not again
(02:36 / Allies) tree: late hero
(02:36 / Allies) Rebuddle.Champ: dont do the tinker thing..
(02:40 / Allies) tree: i switch to pally
(02:47 / Allies) Ze.Rath3isaFaig: dude pink is a fucking legend
(02:49 / Allies) Ze.Rath3isaFaig: lay off him
(03:06 / Allies) Rebuddle.Champ: i know who he is
(03:10 / All) Sleeping_Lion: ru!
(03:11 / Allies) Rebuddle.Champ: and he sucked shit last game
(03:13 / All) Sleeping_Lion: run
(03:21 / All) Sleeping_Lion: lolololololol
(03:22 / Allies) Ze.Rath3isaFaig: dude he's like the tourny champ of all time
(03:26 / Allies) Ze.Rath3isaFaig: he has so many tourny games
(03:28 / Allies) tree: multiple ppl play on that acount i think
(03:34 / Allies) Rebuddle.Champ: oj dont be dumb
(03:35 / Allies) tree: or ive heard
(03:36 / Allies) Rebuddle.Champ: plz
(03:45 / Allies) Ze.Rath3isaFaig: I'm serious, how do you not know who virus is
(03:50 / Allies) Ze.Rath3isaFaig: you probably don't even know about the fox
(03:58 / Allies) Rebuddle.Champ: ...
(04:03 / Allies) Rebuddle.Champ: i used to play with fox
(04:06 / Allies) Rebuddle.Champ: and the team of beaners
(04:11 / Allies) Rebuddle.Champ: ok?
(04:12 / Allies) Ze.Rath3isaFaig: oh ok
(04:14 / Allies) Ze.Rath3isaFaig: nm lol
(05:25 / Allies) VIRUS-Z: can i get
(05:37 / Allies) Ze.Rath3isaFaig: let me know what you need
(05:53 / Allies) Ze.Rath3isaFaig: you're almost to rank 1 Virus
(06:36 / Allies) Ze.Rath3isaFaig: then we join them purple
(06:54 / Allies) Rebuddle.Champ: rads i guess
(07:39 / All) Ze.Rath3isaFaig: oh boy
(07:42 / All) Ze.Rath3isaFaig: tech to wyvn>?
(08:40 / Allies) Ze.Rath3isaFaig: rdy whenyou guys are
(10:07 / Allies) Ze.Rath3isaFaig: rdy when you are
(11:02 / All) Ze.Rath3isaFaig: oh no chyppo
(11:16 / Allies) Ze.Rath3isaFaig: go
(12:15 / Allies) Ze.Rath3isaFaig: out w go
(13:09 / Allies) Ze.Rath3isaFaig: yeah going to need some more heavy aa
(13:50 / Allies) Ze.Rath3isaFaig: we fight here Iguess
(14:37 / Allies) Ze.Rath3isaFaig: k tp
(14:51 / All) Ze.Rath3isaFaig: yeah run in
(15:25 / Allies) tree: farie dragons
(16:07 / All) Ze.Rath3isaFaig: mass air more nerds
(16:44 / Allies) Ze.Rath3isaFaig: god they got raped
(17:20 / Allies) Ze.Rath3isaFaig: sepdn
(17:56 / Allies) Ze.Rath3isaFaig: yeah got it
(18:15 / Allies) Ze.Rath3isaFaig: cab you bring me anti magic for my sf
(18:59 / Allies) Ze.Rath3isaFaig: rdy purple?
(19:05 / Allies) Ze.Rath3isaFaig: we wait for virus
(19:53 / Allies) Ze.Rath3isaFaig: i think we can take them
(20:09 / Allies) Ze.Rath3isaFaig: go
(20:48 / Allies) Rebuddle.Champ: im not there so dont get to crazy
(21:17 / Allies) Rebuddle.Champ: gj guys
(21:33 / Allies) Ze.Rath3isaFaig: you can tell your buddies pink
(21:38 / Allies) Ze.Rath3isaFaig: that I do everything but mass chims
(22:10 / Allies) Ze.Rath3isaFaig: noo
(22:11 / Allies) Ze.Rath3isaFaig: tp
(22:14 / Allies) Ze.Rath3isaFaig: awww
(23:24 / All) Ze.Rath3isaFaig: loll
(23:27 / Allies) Ze.Rath3isaFaig: noo whyyy
(24:02 / Allies) Ze.Rath3isaFaig: wtf is blue at?
(24:05 / Allies) Ze.Rath3isaFaig: you go off into a new land?
(24:12 / Allies) Rebuddle.Champ: lol
(24:23 / Allies) Ze.Rath3isaFaig: fuckin raped em 3v4
(24:29 / Allies) Rebuddle.Champ: really lol
(24:34 / Allies) Rebuddle.Champ: why u think red tped with nothing?
(24:41 / Allies) Ze.Rath3isaFaig: yeah pretty much, I hear ya
(24:43 / Allies) Ze.Rath3isaFaig: lol
(24:53 / Allies) Ze.Rath3isaFaig: that alchemist is a fuckin beast
(25:29 / All) Ze.Rath3isaFaig: ojh you cam back
(25:33 / All) ThrallTheLegend: :)
(27:01 / All) Ze.Rath3isaFaig: yeah not killing my potm
(27:10 / All) ThrallTheLegend: gg
(27:14 / All) Ze.Rath3isaFaig: gg
(27:21 / All) Bigyellowtwinki: gg